 Dungeon Crawl Stone Soup version 0.31.0-4-g52a2dc7128 (webtiles) character file.

Game seed: 3662135666994525574

11749 shadowrider38 the Cleaver (level 11, -3/99 HPs)
             Began as a Minotaur Fighter on Jan 22, 2024.
             Slain by a death yak (20 damage)
             ... on level 3 of the Lair of Beasts.
             The game lasted 00:06:58 (10106 turns).

shadowrider38 the Cleaver (Minotaur Fighter)       Turns: 10106, Time: 00:06:59

Health: -3/99      AC: 16    Str: 25    XL:     11   Next: 53%
Magic:  0/17       EV:  9    Int:  5    God:
Gold:   34         SH:  6    Dex: 13    Spells: 19/19 levels left

rFire   + . .        a - +9 broad axe of Laceration {spect, rF+ rC++ Dex+3}
rCold   + + .        c - +0 buckler
rNeg    + + +        v - +1 chain mail {rF+}
rPois   +            (helmet restricted)
rElec   .            (no cloak)
rCorr   .            h - +1 pair of gloves
SInv    .            A - +0 pair of boots
Will    .....        g - amulet of the Treeataur {Spirit rPois rF- rN+++ Stlth+} Stlth
                     y - +4 ring of slaying
HPRegen 0.36/turn    o - ring of poison resistance
MPRegen 0.15/turn

%: guardian spirit
@: about to teleport
A: horns 2, retaliatory headbutt
a: no special abilities


You were on level 3 of the Lair of Beasts.
You visited 2 branches of the dungeon, and saw 12 of its levels.

You collected 606 gold pieces.
You spent 572 gold pieces at shops.

Inventory:

Hand Weapons
 a - the +9 broad axe of Laceration (weapon) {spect, rF+ rC++ Dex+3}
   (You bought it in a shop on level 8 of the Dungeon)

   Dex+3:     It affects your dexterity (+3).
   rF+:       It protects you from fire.
   rC++:      It greatly protects you from cold.
 b - a +0 hand axe of flaming
Missiles
 t - 16 boomerangs (quivered)
 x - 2 silver javelins
 F - 5 curare-tipped darts
 J - 6 atropa-tipped darts
Armour
 c - a +0 buckler (worn)
 h - a +1 pair of gloves (worn)
 v - a +1 chain mail of fire resistance (worn)
 A - a +0 pair of boots (worn)
 K - a scarf of repulsion
 L - the +2 ring mail of the Mashing Gods {+Blink rF+ rN+ Regen+}
   (You took it off a gnoll on level 8 of the Dungeon)

   rF+:       It protects you from fire.
   rN+:       It protects you from negative energy.
   +Blink:    It lets you blink.
   Regen+:    It increases your rate of health regeneration.
Magical Staves
 k - a staff of cold
Jewellery
 f - a ring of protection from fire
 g - the amulet of the Treeataur (around neck) {Spirit rPois rF- rN+++ Stlth+}
   (You bought it in a shop on level 4 of the Dungeon)

   [amulet of guardian spirit]

   Spirit:    It causes incoming damage to be divided between your reserves of
   health and magic.
   rF-:       It makes you vulnerable to fire.
   rPois:     It protects you from poison rN+++: It renders you almost immune to
   negative energy.
   Stlth+:    It makes you more stealthy.
 n - a ring of positive energy
 o - a ring of poison resistance (right hand)
 y - a +4 ring of slaying (left hand)
 I - a +6 ring of dexterity
Wands
 D - a wand of light (7)
 E - a wand of charming (19)
Scrolls
 e - 4 scrolls of noise
 j - a scroll of vulnerability
 l - 2 scrolls of enchant weapon
 q - 2 scrolls of immolation {unknown}
 r - 3 scrolls of amnesia
 s - a scroll of poison {unknown}
 z - 2 scrolls of revelation
 B - 2 scrolls of blinking
 G - a scroll of torment {unknown}
 N - 3 scrolls of fog {unknown}
 R - a scroll of identify
Potions
 d - 2 potions of might
 i - a potion of cancellation {unknown}
 m - 2 potions of attraction {unknown}
 p - a potion of mutation
 u - a potion of lignification
 w - a potion of enlightenment {unknown}
 C - 4 potions of brilliance
 H - a potion of haste
 M - 3 potions of heal wounds
 O - a potion of berserk rage {unknown}
 P - 2 potions of invisibility {unknown}
 Q - 3 potions of curing


   Skills:
 + Level 9.9 Fighting
 * Level 13.0 Axes
 + Level 9.9 Armour
 + Level 2.5 Dodging
 + Level 9.6 Shields
 - Level 4.7 Spellcasting


You had 19 spell levels left.
You didn't know any spells.
Your spell library contained the following spells:

 Spells                   Type           Power      Damage    Failure   Level
 Apportation              Tloc           2%         N/A       83%         1
 Blink                    Tloc           2%         N/A       93%         2
 Jinxbite                 Hex            2%         N/A       93%         2
 Lesser Beckoning         Tloc           2%         N/A       93%         2
 Momentum Strike          Conj/Tloc      2%         3d8       93%         2
 Hailstorm                Conj/Ice       1%         3d5       99%         3
 Summon Ice Beast         Ice/Summ       1%         N/A       99%         3
 Flame Wave               Conj/Fire      1%         2d4       100%        4
 Leda's Liquefaction      Alch/Erth      0%         N/A       100%        4
 Summon Blazeheart Golem  Fire/Summ      1%         N/A       100%        4
 Alistair's Intoxication  Alch           0%         N/A       100%        5
 Lee's Rapid Deconstruct  Erth           0%         3d4*      100%        5
 Bombard                  Conj/Erth      0%         9d1       100%        6
 Sculpt Simulacrum        Ice/Alch       0%         N/A       100%        6
 Monstrous Menagerie      Summ           0%         N/A       100%        7
 Orb of Destruction       Conj           0%         9d5       100%        7
 Spellforged Servitor     Conj/Summ      0%         N/A       100%        7


Dungeon Overview and Level Annotations

Branches:
Dungeon (9/15) Zot: 25600  Temple (0/1) D:4            Lair (3/5) D:8 Zot: 17626
  Swamp: Lair:2-3    Shoals: Lair:2-3     Snake: Lair:2-3    Spider: Lair:2-3
    Orc: D:9-12

Altars:
Dithmenos
Fedhas
Gozag
Hepliaklqana
Kikubaaqudgha
Nemelex Xobeh
Okawaru
Qazlal
Ru
Wu Jian
The Shining One

Shops:
D:4 *   D:5 [*   D:8 (*


Innate Abilities, Weirdness & Mutations

You have a pair of horns on your head.
You reflexively headbutt those who attack you in melee.


Message History

You slice the death yak!! You slash the death yak!
Your +9 broad axe of Laceration {spect, rF+ rC++ Dex+3} hits the yak!
Your +9 broad axe of Laceration {spect, rF+ rC++ Dex+3} hits the death yak!
The yak bellows!
Your +9 broad axe of Laceration {spect, rF+ rC++ Dex+3} hits the death yak! x2
Your +9 broad axe of Laceration {spect, rF+ rC++ Dex+3} hits the yak!!
You kill the yak!
Your +9 broad axe of Laceration {spect, rF+ rC++ Dex+3} barely misses the death yak.
You block the death yak's attack. The death yak gores you.
Your +9 broad axe of Laceration {spect, rF+ rC++ Dex+3} disappears.
You block the death yak's attack. The death yak gores you.
The death yak gores you!
There is a stone staircase leading up, spattered with blood here.
The death yak gores you! You block the death yak's attack.
You block the cane toad's attack.
Sorry, you're not good enough to have a special ability.
Unknown command.
The death yak barely misses you. You furiously retaliate!
You headbutt the death yak.
The death yak attacks as it pursues you!
The death yak gores you!
Okay, then.
You feel much better. You block the death yak's attack.
As you read the scroll of teleportation, it crumbles to dust.
You feel strangely unstable. You block the death yak's attack.
Unknown command.
You slash the death yak! Your headbutt misses the death yak.
The death yak is heavily wounded.
You hit the death yak but do no damage.
Your +9 broad axe of Laceration {spect, rF+ rC++ Dex+3} hits the death yak!!
The death yak gores you!! The death yak gores you!
You slash the death yak!
You kill the death yak!
You slash the death yak!
The death yak gores you but does no damage.
Something gores your +9 broad axe of Laceration {spect, rF+ rC++ Dex+3}!
Your spectral weapon shares its damage with you!
* * * LOW HITPOINT WARNING * * *
Your Axes skill increases to level 13!
Your +9 broad axe of Laceration {spect, rF+ rC++ Dex+3} disappears.
The death yak attacks as it pursues you!
The death yak gores you.
* * * LOW HITPOINT WARNING * * *
You hit the death yak but do no damage.
You headbutt the death yak, but do no damage.
The death yak is lightly wounded.
You slash the death yak! The death yak gores you!
* * * LOW HITPOINT WARNING * * *
The death yak gores you!!
You die...

...#.....
...#.#.##
#..##.8.##
#..#.....#
#..+..<.8##
#..†.Y....#
#.†##F8.###
....# #Y#.#
......
#@Y## ...#.
#### ## ..
.. ..#


You could see 3 death yaks and a cane toad.

Vanquished Creatures
  A two-headed ogre (D:9)
  2 death yaks (Lair:3)
  A deep troll (D:9)
  Pikel (D:6)
  An elephant (D:8)
  A black mamba (Lair:1)
  A cane toad (Lair:1)
  Psyche (D:9)
  4 trolls (D:9)
  2 polar bears (Lair:1)
  4 blink frogs (Lair:1)
  A basilisk (D:8)
  9 yaks
  A steam dragon (D:8)
  3 water moccasins
  3 ice beasts
  3 black bears
  A sky beast (D:8)
  3 ogres
  4 centaurs
  2 phantoms
  2 lemures (D:6)
  2 kobold brigands (D:8)
  4 bullfrogs
  Blork the orc (D:6)
  2 gnoll sergeants (D:8)
  A scorpion (D:4)
  A wight (D:6)
  12 killer bees
  2 bombardier beetles
  10 hounds
  3 jellies
  8 orc priests
  A gnoll bouda (D:9)
  2 sleepcaps
  Jessica (D:3)
  2 iguanas
  Terence (D:3)
  11 orc wizards
  12 gnolls
  8 adders
  2 shadow imps (D:6)
  3 white imps
  3 ufetubi
  2 dart slugs (D:1)
  2 ribbon worms (D:3)
  40 orcs
  8 ball pythons
  10 endoplasms
  6 giant cockroaches
  8 goblins
  6 hobgoblins
  12 jackals
  2 quokkas (D:1)
  9 bats
  A frilled lizard (D:3)
  18 kobolds
  4 rats
271 creatures vanquished.

Vanquished Creatures (others)
  A spectral weapon (Lair:3)
1 creature vanquished.

Grand Total: 272 creatures vanquished

Notes
Turn   | Place    | Note
-------+----------+-------------------------------------------
     0 | D:1      | shadowrider38 the Minotaur Fighter began the quest for the
                  | Orb.
     0 | D:1      | Reached XP level 1. HP: 19/19 MP: 0/0
   282 | D:1      | Reached XP level 2. HP: 26/27 MP: 1/1
   509 | D:1      | Reached skill level 3 in Axes
   980 | D:2      | Reached XP level 3. HP: 33/33 MP: 2/2
  1055 | D:2      | Reached XP level 4. HP: 40/40 MP: 4/4
  1609 | D:2      | Found a faded altar of an unknown god.
  1808 | D:3      | Reached skill level 4 in Axes
  2007 | D:3      | Reached XP level 5. HP: 41/46 MP: 5/5
  2278 | D:3      | Noticed Jessica
  2290 | D:3      | Killed Jessica
  2308 | D:3      | Found a faded altar of an unknown god.
  2510 | D:3      | Noticed Terence
  2517 | D:3      | Killed Terence
  2866 | D:3      | Found an opulent altar of Gozag.
  2936 | D:4      | Found an ancient bone altar of Kikubaaqudgha.
  2959 | D:4      | Reached XP level 6. HP: 49/53 MP: 7/7
  3009 | D:4      | Reached skill level 5 in Axes
  3010 | D:4      | Found Angaanod's Assorted Antiques.
  3014 | D:4      | You fall into a shaft and drop 3 floors!
  3014 | D:7      | Found a hazy altar of Hepliaklqana.
  3706 | D:6      | Reached XP level 7. HP: 55/61 MP: 8/8
  3723 | D:5      | Entered Level 5 of the Dungeon
  3768 | D:5      | Reached skill level 6 in Axes
  4082 | D:4      | Bought a scroll labelled DOAVEO ENLEJO for 26 gold pieces
  4082 | D:4      | Bought a scroll labelled SACWUY TISIRUU for 26 gold pieces
  4082 | D:4      | Bought a scroll labelled NICRAC RIVYAGO for 26 gold pieces
  4082 | D:4      | Bought 2 scrolls labelled CODWON GETTEWU for 52 gold pieces
  4216 | D:4      | Found a glowing golden altar of the Shining One.
  4285 | D:4      | Found a staircase to the Ecumenical Temple.
  4489 | D:4      | Found a blossoming altar of Fedhas.
  4783 | D:5      | Found Mut Unelokh's Serpentskin Sales.
  5071 | D:5      | Reached XP level 8. HP: 70/70 MP: 10/10
  5086 | D:5      | Reached skill level 7 in Axes
  5169 | D:5      | Found Zissyb's Armour Shoppe.
  5591 | D:5      | Found an ornate altar of the Wu Jian Council.
  5694 | D:4      | Bought a shimmering amethyst amulet for 130 gold pieces
  5694 | D:4      | Identified the amulet of the Treeataur {Spirit rPois rF-
                  | rN+++ Stlth+} (You bought it in a shop on level 4 of the
                  | Dungeon)
  5884 | D:6      | Noticed Blork the orc
  5900 | D:6      | Killed Blork the orc
  5915 | D:6      | Noticed Pikel
  5926 | D:6      | Killed Pikel
  5927 | D:6      | Reached skill level 8 in Axes
  5927 | D:6      | Reached skill level 3 in Spellcasting
  5927 | D:6      | Reached XP level 9. HP: 34/78 MP: 5/12
  6253 | D:6      | Reached skill level 9 in Axes
  6883 | D:7      | Got Agabihei's Omnibus of the Harmful Escort
  6920 | D:7      | Found an iron altar of Okawaru.
  7303 | D:8      | Reached skill level 10 in Axes
  7390 | D:8      | Identified the +2 war axe of Doshri {freeze, *Rage rN++
                  | Dex+4}
  7393 | D:8      | Found Fadwumem's General Store.
  7396 | D:8      | Found a stormy altar of Qazlal.
  7424 | D:8      | Bought a potion of might for 60 gold pieces
  7424 | D:8      | Bought a scroll of teleportation for 45 gold pieces
  7433 | D:8      | Identified the +2 ring mail of the Mashing Gods {+Blink rF+
                  | rN+ Regen+}
  7479 | D:8      | Noticed an elephant
  7611 | D:8      | Reached XP level 10. HP: 83/88 MP: 12/14
  7801 | D:8      | Found a staircase to the Lair.
  7915 | D:8      | Killed an elephant
  8070 | D:8      | Found a sparkling altar of Nemelex Xobeh.
  8097 | D:8      | Found Vomenuatz's Antique Weapon Emporium.
  8197 | D:8      | Found a shadowy altar of Dithmenos.
  8476 | D:9      | Reached skill level 11 in Axes
  8616 | D:9      | Noticed a two-headed ogre
  8622 | D:9      | Killed a two-headed ogre
  9141 | D:9      | Noticed Psyche
  9146 | D:9      | Killed Psyche
  9147 | D:9      | Reached skill level 9 in Fighting
  9147 | D:9      | Reached skill level 9 in Armour
  9279 | D:9      | Noticed a deep troll
  9282 | D:9      | Killed a deep troll
  9321 | D:9      | Reached skill level 12 in Axes
  9323 | D:9      | Reached skill level 9 in Shields
  9323 | D:9      | Reached XP level 11. HP: 90/97 MP: 14/16
  9579 | D:8      | Bought an encrusted broad axe for 207 gold pieces
  9579 | D:8      | Identified the +9 broad axe of Laceration {spect, rF+ rC++
                  | Dex+3} (You bought it in a shop on level 8 of the Dungeon)
  9625 | D:8      | Found a sacrificial altar of Ru.
  9733 | Lair:1   | Entered Level 1 of the Lair of Beasts
  9989 | Lair:3   | Noticed a death yak
  9992 | Lair:3   | Noticed a death yak
  9995 | Lair:3   | Noticed a death yak
  9998 | Lair:3   | Noticed a death yak
 10001 | Lair:3   | Noticed a death yak
 10003 | Lair:3   | Killed a death yak
 10104 | Lair:3   | Killed a death yak
 10105 | Lair:3   | Reached skill level 13 in Axes
 10106 | Lair:3   | Slain by a death yak

Illustrated notes

Levels and vault maps discovered:
D:1:      elethiomel_arrival_maze, layout_basic, serial_rivers,
          chequers_serial_rivers_micro_c, chequers_serial_rivers_micro_b,
          chequers_serial_rivers_micro_c, chequers_serial_rivers_large_a,
          chequers_serial_rivers_room_a, chequers_serial_rivers_small_a
D:2:      layout_basic, ebering_ecumenical_altar_petrified, grunt_decor_clamped
D:3:      minmay_bubble_buster, layout_basic, nicolae_overflow_ecumenical_swirl,
          uniq_jessica, uniq_terence
D:4:      wander_river, layout_layer_cave, fedhas_altar_3,
          overflow_temple_1_default, kiku_gazebo_garden_becter,
          minmay_temple_entry_enclosed_plants, serial_shops,
          nicolae_diamond_shop, hangedman_abyss_or_decor_slice, minmay_between
D:5:      minmay_chambers_of_fours, layout_basic,
          pdpol_wu_jian_five_deadly_venoms, serial_glass, glass_columns_b,
          glass_columns_c, serial_shops, shop, guppyfry_shop_venom
D:6:      minmay_angry_zag, layout_rooms, uniq_blork_the_orc, uniq_pikel
D:7:      layout_loops_ring, mainiacjoe_overflow_six_doors_small,
          mainiacjoe_overflow_concentric_impassable
D:8:      layout_cave_pools, overflow_temple_1_default,
          nemelex_spade_bored_becter, nicolae_ru_great_annihilating_truth,
          grunt_dithmenos_shadows, david_lair_generic, serial_shops,
          nicolae_shop_tiny_glass, nicolae_lakefront_shop, serial_gnoll_camp,
          gnoll_camp_mini_doghouse, gnoll_camp_mini_loothouse,
          gnoll_camp_mini_hut, gnoll_camp_mini_hut
D:9:      lemuel_troll_bridge, layout_irregular_city, uniq_psyche
Lair:1:   layout_cave_pods
Lair:2:   nzn_winding_woodlands_large [nzn_winding_woodlands_5x5_cross,
          nzn_winding_woodlands_5x15_pool, nzn_winding_woodlands_5x5_three,
          nzn_winding_woodlands_center_diamonds,
          nzn_winding_woodlands_15x15_killbox,
          nzn_winding_woodlands_center_pierced_h,
          nzn_winding_woodlands_5x5_open_star,
          nzn_winding_woodlands_5x15_sawtooth,
          nzn_winding_woodlands_5x5_perimeter], layout_regular_city,
          mainiacjoe_swamp_entry_angry_trees,
          hellmonk_spider_entry_life_and_decay, st_stairs_9, lemuel_old_faithful
Lair:3:   layout_cellular_growth, grunt_megastairs_2

Skill      XL: |  1  2  3  4  5  6  7  8  9 10 11 |
---------------+----------------------------------+-----
Axes           | 3 4 5 6 8 10 12 13 | 13.0
Shields        | 4 5 6 7 9 |  9.6
Fighting       | 4 5 6 8 9 |  9.9
Armour         | 4 5 6 8 9 |  9.9
Spellcasting   | 1 2 3 4 |  4.7
Dodging        | 2 |  2.5

Action                     |  1- 3 |  4- 6 |  7- 9 | 10-12 || total
---------------------------+-------+-------+-------+-------++-------
  Melee: War axe           |    41 |   158 |   321 |    91 ||   611
         Headbutt          |     2 |    15 |    49 |    25 ||    91
         Broad axe         |       |       |       |    38 ||    38
    Use: Scroll            |       |       |    16 |     1 ||    17
         Potion            |       |       |     1 |     1 ||     2
   Stab: Paralysed         |       |       |       |     1 ||     1
 Armour: Scale mail        |    25 |    78 |       |       ||   103
         Chain mail        |       |    72 |   328 |   131 ||   531
  Dodge: Dodged            |    24 |    79 |   147 |    58 ||   308
  Block: Buckler           |    14 |    49 |    79 |    46 ||   188
